 Dungeon Crawl Stone Soup version 0.30-a0-223-gcb0039aa0c (webtiles) character file.

Game seed: 5437547360660791492

35 timneilson the Covered (level 3, -3/23 HPs)
             Began as a Gargoyle Fighter on Oct 10, 2022.
             Slain by Natasha (4 damage)
             ... on level 2 of the Dungeon.
             The game lasted 00:01:22 (902 turns).

timneilson the Covered (Gargoyle Fighter)            Turns: 902, Time: 00:01:23

Health: -3/23      AC: 10    Str: 21    XL:     3   Next: 33%
Magic:  3/3        EV:  9    Int:  8    God:
Gold:   90         SH:  4    Dex:  9    Spells: 2/2 levels left

rFire   . . .      SeeInvis .    a - +0 long sword
rCold   . . .      Faith    .    c - +0 buckler
rNeg    + . .      Spirit   .    b - +0 scale mail
rPois   ∞          Reflect  .    (helmet restricted)
rElec   +          Harm     .    (no cloak)
rCorr   .          Rampage  .    (no gloves)
Will    .....                    (no boots)
Stlth   ..........               (no amulet)
HPRegen 0.23/turn                (no ring)
MPRegen 0.08/turn                (no ring)

@: slowed, very slow
A: sickness immunity, AC +3, negative energy resistance 1, electricity
resistance, torment resistance 1, petrification resistance, antennae 1,
deterioration 1
a: no special abilities


You were on level 2 of the Dungeon.
You visited 1 branch of the dungeon, and saw 2 of its levels.

You collected 90 gold pieces.

Inventory:

Hand Weapons
 a - a +0 long sword (weapon)
Armour
 b - a +0 scale mail (worn)
 c - a +0 buckler (worn)
 g - a +0 plate armour
Potions
 d - a potion of might
 e - 2 potions of flight
 f - a potion of invisibility
 k - a potion of brilliance {unknown}


   Skills:
 + Level 3.4 Fighting
 * Level 2.3 Long Blades
 * Level 3.7 Armour
 + Level 0.4 Dodging
 * Level 3.7 Shields


You had 2 spell levels left.
You didn't know any spells.
Your spell library contained the following spells:

 Spells                   Type           Power      Damage    Failure   Level
 Slow                     Hex            0%         N/A       83%         1
 Poisonous Vapours        Pois/Air       0%         N/A       93%         2
 Confusing Touch          Hex            0%         N/A       99%         3
 Mephitic Cloud           Conj/Pois/Air  0%         N/A       99%         3
 Vampiric Draining        Necr           0%         2d6       99%         3
 Cigotuvi's Dreadful Rot  Necr/Pois/Air  Unusable   N/A       N/A         2

Dungeon Overview and Level Annotations

Branches:
Dungeon (2/15)

Altars:

Annotations:
D:2 Natasha


Innate Abilities, Weirdness & Mutations

You are immune to sickness and miasma.
Your stone body is resilient. (AC +3)
You are immune to poison.
You resist negative energy. (rN+)
You are resistant to electric shocks. (rElec)
You are resistant to unholy torment.
You are immune to petrification.
You have a pair of small antennae on your head.
Your body sometimes deteriorates upon taking damage.


Message History

You hit Natasha.
Natasha is moderately wounded.
Natasha closely misses you.
Natasha casts a spell.
You hit Natasha but do no damage.
Natasha is moderately wounded.
The white imp disappears in a puff of smoke!
The crimson imp grins evilly.
Natasha completely misses you.
You closely miss Natasha.
Natasha is moderately wounded.
Natasha closely misses you.
You barely miss Natasha.
Natasha is moderately wounded.
The crimson imp disappears in a puff of smoke!
You block Natasha's attack.
You hit Natasha.
Natasha is heavily wounded.
Natasha casts a spell at you.
You feel yourself slow down.
Natasha mumbles some strange words.
You closely miss Natasha.
Natasha is heavily wounded.
Natasha claws you.
Natasha stares at you and mumbles some strange words.
The magic dart hits you.
You hit Natasha.
Natasha is heavily wounded.
Natasha claws you.
You hit Natasha.
Natasha is almost dead.
Natasha completely misses you.
Natasha stares at you and mumbles some strange words.
The magic dart hits you!
* * * LOW HITPOINT WARNING * * *
The shadow imp grins evilly.
It was a potion of mutation.
You feel extremely strange.
You feel yourself wasting away. A pair of antennae grows on your head!
You block Natasha's attack. Natasha claws you.
You die...

###<.# #.# .######....#
#.#
........##.#######.#
.............).....#
..########.######..####
. ..# #.# ###....#..
#...### #.# #.........
#.#...5###.# #.....#...
......5h@..#####.....#
..
......####.....#.....#
. ..... #.###.......#
.... #.# ###.....# |..
#.# #.....# .. ###
#.....# . #.....#
#.....# #######


You could see Natasha, a white imp (summoned) and a shadow imp (summoned).

Vanquished Creatures
  2 ball pythons (D:1)
  5 bats (D:1)
  An endoplasm (D:1)
  2 giant cockroaches
  4 goblins
  3 hobgoblins
  2 quokkas (D:1)
  3 frilled lizards (D:1)
  4 kobolds (D:1)
  4 rats (D:1)
30 creatures vanquished.

Notes
Turn   | Place    | Note
-------+----------+-------------------------------------------
     0 | D:1      | timneilson the Gargoyle Fighter began the quest for the
                  | Orb.
     0 | D:1      | Reached XP level 1. HP: 14/14 MP: 1/1
   133 | D:1      | Reached XP level 2. HP: 15/19 MP: 2/2
   375 | D:1      | Reached XP level 3. HP: 20/23 MP: 3/3
   399 | D:1      | Found a faded altar of an unknown god.
   875 | D:2      | Noticed Natasha
   901 | D:2      | HP: 1/23 [Natasha/magic dart (7)]
   902 | D:2      | Gained mutation: Your body sometimes deteriorates upon
                  | taking damage. [potion of mutation]
   902 | D:2      | Gained mutation: You have a pair of small antennae on your
                  | head. [potion of mutation]
   902 | D:2      | Slain by Natasha

Illustrated notes

Levels and vault maps discovered:
D:1:      eino_arrival_cavern_d, layout_basic,
          shapermc_ecumenical_altar_totnotflames, interstate_on_off
D:2:      layout_rooms, serial_shops, nicolae_square_shop,
          chequers_serial_rivers_micro_c, uniq_terence, uniq_natasha

Skill      XL: |  1  2 |
---------------+-------+-----
Long Blades    | 2 |  2.3
Fighting       | |  3.4
Armour         | |  3.7
Dodging        | |  0.4
Shields        | |  3.7

Action                   || total
-------------------------++-------
Melee: Long sword        ||   161
  Use: Scroll            ||     4
       Potion            ||     1
Armor: Scale mail        ||    88
Dodge: Dodged            ||    90
Block: Buckler           ||    34

Table legend: (Time is in decaauts)
 A = Elapsed time spent in this place.
 B = Non-inter-level travel time spent in this place.
 C = Inter-level travel time spent in this place.
 D = Time resting spent in this place.
 E = Time spent auto-exploring this place.
 F = Levels seen in this place.
 G = Mean time per level.
                   A        B        C        D        E       F      G
               +--------+--------+--------+--------+--------+-----+--------+
         Total |    958 |    910 |     48 |      0 |    599 |   2 |  479.0 |
       Dungeon |    958 |    910 |     48 |      0 |    599 |   2 |  479.0 |
               +--------+--------+--------+--------+--------+-----+--------+

Top non-repeatable levels by time:
     D:1: 882 daAuts
     D:2: 75 daAuts
